 Dungeon Crawl Stone Soup version 0.28-a0-1624-g820543e53a (webtiles) character file.

Game seed: 18041071418705771820

115 issech the Cudgeller (level 4, -1/44 HPs)
             Began as a Troll Monk on Jan 23, 2022.
             Frozen to death by an endoplasm (4 damage)
             ... on level 3 of the Dungeon.
             The game lasted 00:07:04 (1960 turns).

issech the Cudgeller (Troll Monk)                   Turns: 1960, Time: 00:07:04

Health: -1/44      AC:  4    Str: 19    XL:     4   Next: 68%
Magic:  3/3        EV: 10    Int:  6    God:
Gold:   98         SH:  0    Dex: 14    Spells: 3/3 levels left

rFire   . . .      SeeInvis .   a - +0 mace
rCold   . . .      Faith    .   (no shield)
rNeg    . . .      Spirit   .   b - +0 robe
rPois   .          Reflect  .   (helmet restricted)
rElec   .          Harm     .   (no cloak)
rCorr   .          Rampage  .   (gloves unavailable)
Will    .....                   (boots unavailable)
Stlth   ++........              (no amulet)
HPRegen 0.94/turn               (no ring)
MPRegen 0.08/turn               (no ring)

@: no status effects
A: large, unfitting armour, claws 3, regeneration 1, shaggy fur 1, tough skin 1
a: no special abilities


You were on level 3 of the Dungeon.
You visited 1 branch of the dungeon, and saw 3 of its levels.

You collected 98 gold pieces.

Inventory:

Hand Weapons
 a - a +0 mace (weapon)
 f - a +0 hunting sling
 l - a +2 hand axe of freezing
Missiles
 i - 31 sling bullets
 k - 60 stones (quivered)
 n - 24 arrows
 p - 3 large rocks
Armour
 b - a +0 robe (worn)
Magical Staves
 j - a staff of poison
Jewellery
 g - an amulet of reflection
 q - a ring of magical power
Scrolls
 c - a scroll of noise {unknown}
 d - a scroll of enchant armour {unknown}
 e - 2 scrolls of identify {unknown}
 h - 2 scrolls of enchant weapon {unknown}
 m - a scroll of immolation {unknown}
Potions
 o - 2 potions of ambrosia {unknown}


   Skills:
 + Level 2.8 Fighting
 + Level 3.9 Maces & Flails
 + Level 3.2 Dodging
 + Level 1.1 Stealth


You had 3 spell levels left.
You didn't know any spells.
Your spell library was empty.

Dungeon Overview and Level Annotations

Branches:
Dungeon (3/15)

Altars:

Shops:
D:2 (   D:3 ?


Innate Abilities, Weirdness & Mutations

You are too large for most types of armour.
You have claws for hands.
Your natural rate of healing is unusually fast.
You are covered in fur. (AC +1)
You have tough skin. (AC +1)


Message History

The wyvern skeleton misses you. The wyvern skeleton bites you.
You hit the wyvern skeleton.
The wyvern skeleton is lightly damaged.
The wyvern skeleton completely misses you.
The wyvern skeleton bites you!
You hit the wyvern skeleton.
The wyvern skeleton is lightly damaged.
The wyvern skeleton closely misses you.
You hit the wyvern skeleton.
The wyvern skeleton is moderately damaged.
The wyvern skeleton bites you.
* * * LOW HITPOINT WARNING * * *
The wyvern skeleton bites you.
* * * LOW HITPOINT WARNING * * *
You hit the wyvern skeleton.
The wyvern skeleton is moderately damaged.
The wyvern skeleton barely misses you.
You thump the wyvern skeleton!
The wyvern skeleton is heavily damaged.
The wyvern skeleton bites you.
* * * LOW HITPOINT WARNING * * *
The wyvern skeleton closely misses you. The wyvern skeleton barely misses you.
Things that are here:
a +0 flail; a +0 leather armour; an adder corpse The wyvern skeleton bites you!
* * * LOW HITPOINT WARNING * * *
The wyvern skeleton bites you.
* * * LOW HITPOINT WARNING * * *
An endoplasm comes into view.
The endoplasm quivers.
The wyvern skeleton barely misses you. The endoplasm freezes you.
You are frozen.
* * * LOW HITPOINT WARNING * * *
The endoplasm barely misses you. The wyvern skeleton bites you!
* * * LOW HITPOINT WARNING * * *
The endoplasm freezes you.
You are frozen.
You die...

#.# ###..... ########.##
#.###... ..........##
##)...... .######.##.##
##.####### . #.##..###..# # #.
#.##.......# #
..###.##Z##.......# #
#.......J##.......# #
####..#.@########## #
##....###### #.........#
##.#..###.... #.##..### #
#.###...# #### #†# ###.#####..
#####.####........######
#######..........####..#......


You could see an endoplasm and a wyvern skeleton.

Vanquished Creatures
  An orc wizard (D:3)
  3 adders
  2 dart slugs (D:2)
  4 orcs (D:3)
  7 endoplasms
  2 giant cockroaches (D:1)
  4 goblins (D:2)
  6 hobgoblins
  6 quokkas
  3 ball pythons
  2 bats
  3 frilled lizards
  A kobold (D:1)
  9 rats
53 creatures vanquished.

Notes
Turn   | Place    | Note
-------+----------+-------------------------------------------
     0 | D:1      | issech the Troll Monk began the quest for the Orb.
     0 | D:1      | Reached XP level 1. HP: 22/22 MP: 0/0
    84 | D:1      | Found a faded altar of an unknown god.
   431 | D:1      | Reached XP level 2. HP: 29/29 MP: 1/1
  1149 | D:2      | Reached XP level 3. HP: 36/36 MP: 2/2
  1462 | D:2      | HP: 1/36 [adder (2)]
  1466 | D:2      | Found Ytepticu's Weapon Shop.
  1467 | D:2      | HP: 1/36 [poisoned by an adder]
  1475 | D:2      | HP: 1/36 [quokka (1)]
  1787 | D:3      | Reached XP level 4. HP: 29/44 MP: 3/3
  1888 | D:3      | Found Gamosch's Magic Scroll Shop.
  1960 | D:3      | Frozen to death by an endoplasm

Illustrated notes

Levels and vault maps discovered:
D:1:      scummos_arrival_checkerplants, layout_basic,
          chequers_ecumenical_altar_grove
D:2:      layout_basic, serial_shops, nicolae_shop_bloodbath_and_beyond,
          minmay_pentomino_r4
D:3:      kennysheep_goblin_castle, layout_rooms, nzn_wu_jian_council_hall,
          serial_shops, shop, kennysheep_generic_room_14,
          uniq_crazy_yiuf_cottage

Skill      XL: |  1  2  3 |
---------------+----------+-----
Maces & Flails | 3 |  3.9
Dodging        | 3 |  3.2
Fighting       | |  2.8
Stealth        | |  1.1

Action                   |  1- 3 |  4- 6 || total
-------------------------+-------+-------++-------
Melee: Mace              |   136 |    42 ||   178
       Punch             |     1 |       ||     1
 Stab: Sleeping          |     1 |       ||     1
Armor: Robe              |    76 |    28 ||   104
Dodge: Dodged            |   140 |    61 ||   201

Table legend: (Time is in decaauts)
 A = Elapsed time spent in this place.
 B = Non-inter-level travel time spent in this place.
 C = Inter-level travel time spent in this place.
 D = Time resting spent in this place.
 E = Time spent auto-exploring this place.
 F = Levels seen in this place.
 G = Mean time per level.
                   A        B        C        D        E       F      G
               +--------+--------+--------+--------+--------+-----+--------+
         Total |   2001 |   2001 |      0 |     10 |   1086 |   3 |  667.0 |
       Dungeon |   2001 |   2001 |      0 |     10 |   1086 |   3 |  667.0 |
               +--------+--------+--------+--------+--------+-----+--------+

Top non-repeatable levels by time:
     D:1: 1049 daAuts
     D:2: 752 daAuts
     D:3: 200 daAuts
